 Dungeon Crawl Stone Soup version 0.29-a0-553-g81b289dbe5 (webtiles) character file.

Game seed: 7818210410549856781

319 xian the Slasher (level 6, -1/46 HPs)
             Began as a Demonspawn Gladiator on June 7, 2022.
             Killed from afar by a white imp (10 damage)
             ... with a puff of frost
             ... on level 3 of the Dungeon.
             The game lasted 00:10:36 (3107 turns).

xian the Slasher (Demonspawn Gladiator)             Turns: 3107, Time: 00:10:36

Health: -1/46      AC:  4    Str: 19    XL:     6   Next: 21%
Magic:  6/6        EV: 13    Int:  9    God:
Gold:   157        SH:  0    Dex: 15    Spells: 5/5 levels left

rFire   . . .      SeeInvis .   a - +0 long sword
rCold   . . .      Faith    .   (no shield)
rNeg    + . .      Spirit   .   b - +0 leather armour
rPois   .          Reflect  .   (helmet restricted)
rElec   .          Harm     .   i - +0 cloak
rCorr   .          Rampage  .   (no gloves)
Will    +....                   (no boots)
Stlth   +++.......              (no amulet)
HPRegen 0.15/turn               g - ring "Isiaf" {rN+ Will+ Str+3 Stlth+}
MPRegen 0.10/turn               (no ring)

@: no status effects
A: claws 1, horns 1, powered by death 2, spiny 1
a: no special abilities


You were on level 3 of the Dungeon.
You visited 1 branch of the dungeon, and saw 3 of its levels.

You collected 157 gold pieces.

Inventory:

Hand Weapons
 a - a +0 long sword (weapon)
Missiles
 d - 3 throwing nets
 e - a javelin
 t - 2 boomerangs
 u - 9 poisoned darts (quivered)
Armour
 b - a +0 leather armour (worn)
 c - a +0 helmet
 i - a +0 cloak (worn)
Jewellery
 g - the ring "Isiaf" (left claw) {rN+ Will+ Str+3 Stlth+}
   (You acquired it on level 1 of the Dungeon)

   [ring of positive energy]

   Str:       It affects your strength (+3).
   rN:        It protects you from negative energy.
   Will:      It increases your willpower.
   Stlth:     It makes you more stealthy.
Scrolls
 h - 2 scrolls of enchant weapon {unknown}
 k - a scroll of teleportation {unknown}
 l - 2 scrolls of magic mapping {unknown}
 m - a scroll of fear {unknown}
 n - a scroll of vulnerability {unknown}
 o - 2 scrolls of blinking {unknown}
 r - 2 scrolls of amnesia {unknown}
Potions
 f - a potion of brilliance
 j - a potion of curing
 p - a potion of heal wounds
 q - a potion of lignification
 s - a potion of haste


   Skills:
 + Level 2.5 Fighting
 + Level 4.8 Long Blades
 + Level 1.9 Throwing
 + Level 1.9 Armour
 + Level 3.6 Dodging
 + Level 1.4 Stealth


You had 5 spell levels left.
You didn't know any spells.
Your spell library contained the following spells:

 Spells                   Type           Power      Damage    Failure   Level
 Dazzling Flash           Conj/Hex       0%         N/A       82%         3
 Agony                    Necr           0%         N/A       100%        5
 Silence                  Hex/Air        0%         N/A       100%        5


Dungeon Overview and Level Annotations

Branches:
Dungeon (3/15)

Altars:
Kikubaaqudgha
Ru
Sif Muna
Xom


Innate Abilities, Weirdness & Mutations

You have sharp fingernails.
You have a pair of small horns on your head.
You regenerate health from kills.
You are partially covered in sharp spines.


Message History

The rat is moderately wounded.
The rat is struck by your spines.
You kill the rat!
You see here a hobgoblin corpse.
A white imp comes into view.
Found a scroll labelled MIEDICREDD.
The white imp shouts!
The white imp gestures at you. The puff of frost hits you.
You hit the white imp but do no damage. The white imp gestures at you.
The puff of frost hits you! The white imp gestures at you.
The puff of frost hits you!
You barely miss the white imp. The white imp closely misses you.
You hit the white imp but do no damage. The white imp misses you.
You barely miss the white imp. Your headbutt misses the white imp.
The white imp hits you but does no damage.
You barely miss the white imp.
You headbutt the white imp, but do no damage.
The white imp closely misses you.
You hit the white imp but do no damage. The white imp hits you.
The white imp freezes you.
You hit the white imp but do no damage. The white imp barely misses you.
You hit the white imp. You headbutt the white imp.
The white imp is severely wounded.
The white imp gestures at you. The puff of frost hits you.
* * * LOW HITPOINT WARNING * * *
The white imp is struck by your spines. The white imp closely misses you.
You closely miss the white imp. Your headbutt misses the white imp.
The white imp is almost dead.
The white imp gestures at you. The puff of frost misses you.
You closely miss the white imp.
The white imp is almost dead.
The white imp grins evilly.
The white imp gestures at you. The puff of frost hits you!
You die...

#. #..# #?# #..# #.# #..#
..# #†.# #.# #..# # #.#
#..# #. #.# #..#
#.#..#####.########..#####
#.......5@..†..>.......)..
####.##.##.............._.
#.##.###.##########._8_
#........# #....
########## #.... #####


You could see a white imp.

Vanquished Creatures
  Sigmund (D:2)
  An orc wizard (D:3)
  5 adders
  A white imp (D:3)
  2 worms
  2 dart slugs
  11 endoplasms
  5 giant cockroaches
  10 goblins
  7 hobgoblins
  A jackal (D:2)
  4 kobolds
  3 ball pythons
  9 bats
  2 frilled lizards
  2 rats
  A spectral hobgoblin (D:2)
67 creatures vanquished.

Notes
Turn   | Place    | Note
-------+----------+-------------------------------------------
     0 | D:1      | xian the Demonspawn Gladiator began the quest for the Orb.
     0 | D:1      | Reached XP level 1. HP: 16/16 MP: 1/1
    26 | D:1      | Identified a scroll of acquirement
    26 | D:1      | Acquired the ring "Isiaf" {rN+ Will+ Str+3 Stlth+}
   192 | D:1      | Reached skill level 3 in Long Blades
   196 | D:1      | Gained mutation: You regenerate a little health from kills.
                  | [demonic ancestry]
   196 | D:1      | Reached XP level 2. HP: 19/22 MP: 2/2
  1060 | D:2      | Noticed Sigmund
  1065 | D:2      | Killed Sigmund
  1066 | D:2      | Reached skill level 4 in Long Blades
  1066 | D:2      | Reached skill level 1 in Armour
  1066 | D:2      | Reached skill level 1 in Stealth
  1066 | D:2      | Discovered your monstrous ancestry.
  1066 | D:2      | Gained mutation: You have sharp fingernails. [demonic
                  | ancestry]
  1066 | D:2      | Reached XP level 3. HP: 19/28 MP: 3/3
  1066 | D:2      | Gained mutation: You regenerate health from kills. [demonic
                  | ancestry]
  1066 | D:2      | Reached XP level 4. HP: 23/34 MP: 4/4
  1066 | D:2      | Gained mutation: You have a pair of small horns on your
                  | head. [demonic ancestry]
  1066 | D:2      | Reached XP level 5. HP: 26/39 MP: 5/5
  1083 | D:2      | Found a faded altar of an unknown god.
  2427 | D:3      | Gained mutation: You are partially covered in sharp spines.
                  | [demonic ancestry]
  2427 | D:3      | Reached XP level 6. HP: 39/46 MP: 6/6
  2753 | D:3      | Found a sacrificial altar of Ru.
  3034 | D:3      | Found a shimmering blue altar of Sif Muna.
  3036 | D:3      | Found an ancient bone altar of Kikubaaqudgha.
  3037 | D:3      | Found a shimmering altar of Xom.
  3107 | D:3      | Killed from afar by a white imp

Illustrated notes

Levels and vault maps discovered:
D:1:      eino_arrival_cavern_a, layout_basic
D:2:      wad_crossroads, layout_loops_ring,
          dreamdust_ecumenical_altar_drowned_temple, uniq_sigmund
D:3:      layout_loops_ring, nicolae_ru_great_annihilating_truth,
          chequers_temple_overflow_statue_of_worship

Skill      XL: |  1  2 |
---------------+-------+-----
Long Blades    | 3 4 |  4.8
Armour         | 1 |  1.9
Dodging        | 3 |  3.6
Stealth        | 1 |  1.4
Fighting       | |  2.5
Throwing       | |  1.9

Action                   |  1- 3 |  4- 6 || total
-------------------------+-------+-------++-------
Melee: Long sword        |    39 |   152 ||   191
       Headbutt          |       |    23 ||    23
Throw: Javelin           |     1 |       ||     1
       Throwing net      |     1 |       ||     1
  Use: Scroll            |     1 |     5 ||     6
 Stab: Sleeping          |     2 |    11 ||    13
Armor: Leather armour    |    19 |    28 ||    47
Dodge: Dodged            |    25 |   105 ||   130

Table legend: (Time is in decaauts)
 A = Elapsed time spent in this place.
 B = Non-inter-level travel time spent in this place.
 C = Inter-level travel time spent in this place.
 D = Time resting spent in this place.
 E = Time spent auto-exploring this place.
 F = Levels seen in this place.
 G = Mean time per level.
                   A        B        C        D        E       F      G
               +--------+--------+--------+--------+--------+-----+--------+
         Total |   3157 |   3103 |     54 |    151 |   1848 |   3 | 1052.3 |
       Dungeon |   3157 |   3103 |     54 |    151 |   1848 |   3 | 1052.3 |
               +--------+--------+--------+--------+--------+-----+--------+

Top non-repeatable levels by time:
     D:2: 1234 daAuts
     D:1: 1069 daAuts
     D:3: 854 daAuts
